 Dungeon Crawl Stone Soup version 0.29-a0-721-g7f417c9bbb (webtiles) character file.

Game seed: 17977070389410916813

84 gobodom the Chopper (level 4, -2/27 HPs)
             Began as a Gargoyle Gladiator on June 28, 2022.
             Was an Initiate of Okawaru.
             Slain by a gnoll
             ... wielding a +0 spear
             ... led by a gnoll shaman
              (4 damage)
             ... on level 5 of the Dungeon.
             The game lasted 00:06:51 (2384 turns).

gobodom the Chopper (Gargoyle Gladiator)            Turns: 2384, Time: 00:06:51

Health: -2/27      AC: 13    Str: 19    XL:     4   Next: 45%
Magic:  4/4        EV: 11    Int:  9    God:    Okawaru [......]
Gold:   136        SH:  0    Dex: 11    Spells: 3/3 levels left

rFire   . . .      SeeInvis .   a - +0 war axe
rCold   . . .      Faith    .   (no shield)
rNeg    + . .      Spirit   .   s - +0 ring mail
rPois   ∞          Reflect  .   c - +0 helmet
rElec   +          Harm     .   (no cloak)
rCorr   .          Rampage  .   (no gloves)
Will    .....                   (no boots)
Stlth   +.........              (no amulet)
HPRegen 0.09/turn               t - +4 ring of protection
MPRegen 0.09/turn               (no ring)

@: no status effects
A: sickness immunity, AC +3, negative energy resistance 1, electricity
resistance, torment resistance 1, petrification resistance
a: Renounce Religion


You were on level 5 of the Dungeon.
You worshipped Okawaru.
Okawaru was noncommittal.
You visited 1 branch of the dungeon, and saw 4 of its levels.

You collected 136 gold pieces.

Inventory:

Hand Weapons
 a - a +0 war axe (weapon)
 g - a +0 dagger of speed
 r - a +1 dagger of speed
 v - a +0 trident of venom
Missiles
 d - 3 throwing nets (quivered)
 e - a javelin
Armour
 b - a +0 leather armour
 c - a +0 helmet (worn)
 j - a +0 plate armour
 s - a +0 ring mail (worn)
Magical Staves
 k - a staff of air
Jewellery
 h - a ring of fire
 t - a +4 ring of protection (left hand)
Scrolls
 l - a scroll of blinking {unknown}
 n - a scroll of amnesia {unknown}
 p - a scroll of poison {unknown}
Potions
 f - 2 potions of curing {unknown}
 i - a potion of attraction {unknown}
 m - a potion of degeneration {unknown}
 o - a potion of haste {unknown}
 q - 3 potions of heal wounds {unknown}
 u - a potion of mutation {unknown}


   Skills:
 + Level 2.4 Fighting
 + Level 3.8 Axes
 + Level 1.8 Throwing
 + Level 1.2 Armour
 + Level 2.9 Dodging


You had 3 spell levels left.
You didn't know any spells.
Your spell library contained the following spells:

 Spells                   Type           Power      Damage    Failure   Level
 Gell's Gravitas          Tloc           0%         N/A       91%         3
 Lesser Beckoning         Tloc           0%         N/A       91%         3
 Teleport Other           Tloc           0%         N/A       91%         3


Dungeon Overview and Level Annotations

Branches:
Dungeon (3/15)

Altars:
Ashenzari
Fedhas
Okawaru


Innate Abilities, Weirdness & Mutations

You are immune to sickness and miasma.
Your stone body is resilient. (AC +3)
You are immune to poison.
You resist negative energy. (rN+)
You are resistant to electric shocks. (rElec)
You are resistant to unholy torment.
You are immune to petrification.


Message History

There is a stone staircase leading down here.
You hear the slow rusting of a very distant drain.
You open the door.
There is an open door here.
As you open the door, it creaks loudly! 2 gnolls come into view.
The gnoll shouts! x2; You hear a shout! x2
A gnoll shaman and a gnoll come into view.
The gnoll closely misses you. The gnoll hits you but does no damage.
There is an open door here.
You hit the gnoll.
The gnoll is moderately wounded.
The gnoll hits you with a +0 whip. The gnoll hits you but does no damage.
The gnoll shaman calls upon its god to heal the gnoll.
The gnoll's wounds heal themselves!
You barely miss the gnoll. The gnoll hits you with a +0 whip.
The gnoll hits you from afar with a +0 spear.
You closely miss the gnoll. The gnoll completely misses you.
The gnoll hits you but does no damage. The gnoll closely misses you.
You hit the gnoll shaman but do no damage.
The gnoll hits you but does no damage.
Found 2 stones.
The gnoll closely misses you. The gnoll barely misses you.
The gnoll hits you but does no damage. The gnoll shaman closely misses you.
You hit the gnoll shaman but do no damage.
You hit the gnoll. You completely miss the gnoll. You hit the gnoll.
The gnoll closely misses you. x2; The gnoll hits you with a +0 spear.
The gnoll shaman hits you but does no damage.
You hit the gnoll shaman.
The gnoll shaman is lightly wounded.
You hit the gnoll. x2; You closely miss the gnoll.
The gnoll hits you with a +0 flail! The gnoll misses you.
The gnoll hits you but does no damage.
The gnoll shaman hits you but does no damage. x2
The gnoll barely misses you. The gnoll hits you with a +0 flail.
The gnoll hits you with a +0 spear.
* * * LOW HITPOINT WARNING * * *
The gnoll attacks as you move away! The gnoll hits you with a +0 spear.
* * * LOW HITPOINT WARNING * * *
The gnoll hits you from afar with a +0 spear.
You die...

#### ...+ #####g..###
... +.#ggg....# ..#
###.#@#...#+# #...#
...#.....#(..# .......
..+.....##+#####........
#.#.....#......#........
#.###.#+#.......(.......
#...'.#........#......#
#...###................
#..................#
#..........(.......#


You could see a gnoll shaman and 3 gnolls.

Vanquished Creatures
  4 adders
  A worm (D:2)
  2 dart slugs
  3 orcs (D:3)
  4 ball pythons (D:2)
  3 endoplasms
  2 giant cockroaches (D:2)
  4 goblins
  2 hobgoblins
  2 quokkas
  A bat (D:2)
  3 frilled lizards
  4 kobolds
  A rat (D:2)
  A spectral kobold (D:1)
37 creatures vanquished.

Notes
Turn   | Place    | Note
-------+----------+-------------------------------------------
     0 | D:1      | gobodom the Gargoyle Gladiator began the quest for the Orb.
     0 | D:1      | Reached XP level 1. HP: 12/12 MP: 1/1
   158 | D:1      | Found a faded altar of an unknown god.
   342 | D:1      | Reached XP level 2. HP: 16/17 MP: 2/2
   652 | D:1      | Reached skill level 3 in Axes
   962 | D:2      | Found a broken altar of Ashenzari.
  1004 | D:2      | Reached XP level 3. HP: 22/22 MP: 3/3
  1409 | D:2      | Reached skill level 1 in Armour
  1936 | D:3      | Found an iron altar of Okawaru.
  1940 | D:3      | Became a worshipper of Warmaster Okawaru
  1981 | D:3      | Reached XP level 4. HP: 22/27 MP: 4/4
  2026 | D:3      | Found a blossoming altar of Fedhas.
  2314 | D:3      | You fall into a shaft and drop 2 floors!
  2314 | D:5      | Entered Level 5 of the Dungeon
  2384 | D:5      | Slain by a gnoll

Illustrated notes

Levels and vault maps discovered:
D:1:      beargit_arrival_greenhouse, layout_loops_ring,
          dreamdust_ecumenical_altar_drowned_temple, chequers_arboretum
D:2:      layout_loops_corners, basic_altar
D:3:      layout_rooms, fedhas_ov_isle_minmay, okawaru_gym_becter,
          roderic_lattice_a, patterned_corridor
D:5:      nicolae_cairo_tiling_large, layout_cave_pools,
          minmay_temple_entry_proselytizer, serial_shops,
          nicolae_shop_hallway_plus, lightli_sewer_entry_pipes,
          biasface_ghost_orc_armoury

Skill      XL: |  1  2  3 |
---------------+----------+-----
Axes           | 3 |  3.8
Armour         | 1 |  1.2
Fighting       | |  2.4
Throwing       | |  1.8
Dodging        | |  2.9

Action                   |  1- 3 |  4- 6 || total
-------------------------+-------+-------++-------
Melee: War axe           |   106 |    23 ||   129
Armor: Plate armour      |    54 |       ||    54
       Leather armour    |     4 |       ||     4
       Ring mail         |    15 |    15 ||    30
Dodge: Dodged            |    48 |    18 ||    66

Table legend: (Time is in decaauts)
 A = Elapsed time spent in this place.
 B = Non-inter-level travel time spent in this place.
 C = Inter-level travel time spent in this place.
 D = Time resting spent in this place.
 E = Time spent auto-exploring this place.
 F = Levels seen in this place.
 G = Mean time per level.
                   A        B        C        D        E       F      G
               +--------+--------+--------+--------+--------+-----+--------+
         Total |   2431 |   2398 |     33 |      0 |   1909 |   4 |  607.8 |
       Dungeon |   2431 |   2398 |     33 |      0 |   1909 |   4 |  607.8 |
               +--------+--------+--------+--------+--------+-----+--------+

Top non-repeatable levels by time:
     D:2: 1170 daAuts
     D:1: 741 daAuts
     D:3: 447 daAuts
     D:5: 71 daAuts
